 Seeded DCSS version 0.30-a0-830-gfe289a77b0 (webtiles) character file.

Game seed: 9545873883287505910 (custom seed)

1504 hikkokomori the Trooper (level 8, -11/73 HPs)
             Began as a Hill Orc Transmuter on Mar 1, 2023.
             Was an Initiate of Gozag.
             Mangled by a small abomination (17 damage)
             ... on level 1 of the Abyss.
             The game lasted 00:08:27 (5427 turns).

hikkokomori the Trooper (Hill Orc Transmuter)       Turns: 5427, Time: 00:08:27

Health: -11/73     AC:  3    Str: 15    XL:     8   Next: 82%
Magic:  10/10      EV: 12    Int: 16    God:    Gozag
Gold:   913        SH:  0    Dex: 14    Spells: 7/10 levels left

rFire   + . .      SeeInvis .    n - +9 war axe of Kish {vamp, *Corrode rF+ Int+3 Dex+3}
rCold   . . .      Faith    .    (no shield)
rNeg    . . .      Spirit   .    a - +0 robe
rPois   .          Reflect  .    r - +0 helmet
rElec   .          Harm     .    (no cloak)
rCorr   +          Rampage  .    (no gloves)
Will    .....                    (no boots)
Stlth   +                        (no amulet)
HPRegen 0.32/turn                f - ring of resist corrosion
MPRegen 0.12/turn                (no ring)

@: no status effects
A: no striking features
a: Renounce Religion, Potion Petition, Call Merchant, Bribe Branch


You were on level 1 of the Abyss.
You worshipped Gozag.
Gozag was pleased with you.
You visited 2 branches of the dungeon, and saw 7 of its levels.
You visited the Abyss 1 time.

You collected 990 gold pieces.
You paid 77 gold pieces to Gozag.

Inventory:

Hand Weapons
 l - a +0 war axe
 n - the +9 war axe of Kish (weapon) {vamp, *Corrode rF+ Int+3 Dex+3}
   (You found it on level 3 of the Dungeon)

   Int:       It affects your intelligence (+3).
   Dex:       It affects your dexterity (+3).
   rF:        It protects you from fire.
   *Corrode:  It may corrode you when you take damage.
Armour
 a - a +0 robe (worn)
 r - a +0 helmet (worn)
Jewellery
 b - a ring of positive energy
 d - an amulet of faith
 f - a ring of resist corrosion (left hand)
 k - a ring of positive energy
Wands
 t - a wand of charming (9)
Scrolls
 e - a scroll of enchant weapon {unknown}
 q - 2 scrolls of teleportation
 s - a scroll of fog {unknown}
Potions
 g - a potion of brilliance
 h - 3 potions of might
 i - 3 potions of curing
 j - 4 potions of flight
 m - a potion of haste {unknown}
 p - a potion of invisibility
 u - a potion of heal wounds {unknown}


   Skills:
 + Level 7.6 Fighting
 + Level 7.4 Axes
 - Level 1.5 Dodging
 - Level 3.2 Unarmed Combat
 - Level 1.5 Spellcasting
 + Level 5.0 Transmutations


You had 7 spell levels left.
You knew the following spells:

 Your Spells              Type           Power      Damage    Failure   Level
a - Beastly Appendage     Tmut           34%        N/A       2%          1
b - Wereblood             Tmut           17%        N/A       4%          2

Your spell library contained the following spells:

 Spells                   Type           Power      Damage    Failure   Level
 Foxfire                  Conj/Fire      4%         2x1d4     22%         1
 Freeze                   Ice            4%         1d3       22%         1
 Spider Form              Tmut/Pois      9%         N/A       24%         3
 Lesser Beckoning         Tloc           2%         N/A       32%         2
 Frozen Ramparts          Ice            2%         1d1       54%         3
 Gell's Gravitas          Tloc           1%         N/A       54%         3
 Hailstorm                Conj/Ice       1%         3d3       54%         3
 Mephitic Cloud           Conj/Pois/Air  1%         N/A       54%         3
 Teleport Other           Tloc           1%         N/A       54%         3
 Ice Form                 Ice/Tmut       9%         N/A       61%         4
 Flame Wave               Conj/Fire      1%         2d4       91%         4
 Summon Ice Beast         Ice/Summ       1%         N/A       91%         4
 Lightning Bolt           Conj/Air       0%         1d11      99%         5


Dungeon Overview and Level Annotations

Branches:
Dungeon (6/15)             Temple (1/1) D:4

Altars:
Ashenzari
Elyvilon
Fedhas
Gozag
Hepliaklqana
Sif Muna
Uskayaw
Xom
The Shining One

Shops:
D:2 [   D:4 [


Message History

You start resting.
HP restored.
You climb downwards.
There is a stone staircase leading up here.
The gnoll hits you with a +1 spear of distortion!
Space warps around you.
You barely miss the gnoll.
The gnoll hits you with a +1 spear of distortion!
Space warps horribly around you!! The gnoll hits you but does no damage.
Space warps around you.
You are too injured to fight recklessly!
You are too injured to fight recklessly!
You are too injured to fight recklessly!
You are too injured to fight recklessly!
You are too injured to fight recklessly!
You are too injured to fight recklessly!
You are too injured to fight recklessly!
You are too injured to fight recklessly!
You are too injured to fight recklessly!
You are too injured to fight recklessly!
You are too injured to fight recklessly!
You are too injured to fight recklessly!
You hit the gnoll.
You feel better.
The gnoll is heavily wounded.
The gnoll hits you with a +1 spear of distortion!
You are cast into the Abyss!
This branch contains the abyssal rune of Zot.
You slash the small abomination!
The small abomination is moderately damaged.
The small abomination hits you!!
* * * LOW HITPOINT WARNING * * *
You hit the small abomination.
The small abomination is heavily damaged.
The small abomination hits you!
* * * LOW HITPOINT WARNING * * *
You closely miss the small abomination.
The small abomination is heavily damaged.
The small abomination hits you!
You die...
Your body crumbles into a pile of gold.

### ..#
... #.#
###..
#..## #
#...#
#.#...#
#.@x#ยง
##.#.#
#..##
###. ##


You could see a small abomination.

Vanquished Creatures
  A water moccasin (D:4)
  2 sky beasts
  An ice beast (D:5)
  2 centaurs
  3 necrophages
  2 scorpions (D:6)
  4 orc priests (D:5)
  A jelly (D:5)
  4 hounds
  4 iguanas
  2 orc wizards (D:5)
  7 adders
  5 gnolls (D:6)
  A white imp (D:5)
  3 ufetubi
  4 worms
  2 dart slugs
  15 orcs
  6 ball pythons
  2 bats
  7 endoplasms
  6 giant cockroaches
  8 hobgoblins
  4 jackals (D:1)
  4 quokkas
  2 frilled lizards
  8 goblins
  6 kobolds
  3 rats
119 creatures vanquished.

Vanquished Creatures (others)
  A gnoll (D:6)
1 creature vanquished.

Grand Total: 120 creatures vanquished

Notes
Turn   | Place    | Note
-------+----------+-------------------------------------------
     0 | D:1      | hikkokomori the Hill Orc Transmuter began the quest for the
                  | Orb.
     0 | D:1      | Reached XP level 1. HP: 16/16 MP: 3/3
    89 | D:1      | Got the Vellum of the Eleven Servitors
   260 | D:1      | Reached XP level 2. HP: 14/24 MP: 2/4
   348 | D:1      | Found a faded altar of an unknown god.
   814 | D:2      | Found Talekk's Armour Shoppe.
   893 | D:2      | Reached XP level 3. HP: 24/30 MP: 3/5
  1627 | D:2      | Learned a level 2 spell: Wereblood
  2317 | D:3      | Reached XP level 4. HP: 28/38 MP: 6/6
  2406 | D:3      | Identified the +9 war axe of Kish {vamp, *Corrode rF+ Int+3
                  | Dex+3}
  2411 | D:3      | Identified a scroll of acquirement
  2411 | D:3      | Acquired 457 gold pieces
  2461 | D:3      | Reached skill level 1 in Axes
  2639 | D:3      | You fall into a shaft and drop 3 floors!
  2668 | D:6      | Noticed a centaur
  2682 | D:6      | Killed a centaur
  2683 | D:6      | Reached XP level 5. HP: 25/46 MP: 7/7
  2845 | D:6      | Reached XP level 6. HP: 24/53 MP: 8/8
  3025 | D:5      | Entered Level 5 of the Dungeon
  3222 | D:5      | Noticed an ice beast
  3225 | D:5      | Noticed a sky beast
  3241 | D:5      | Reached skill level 5 in Fighting
  3242 | D:5      | Killed an ice beast
  3243 | D:5      | Reached XP level 7. HP: 61/61 MP: 9/9
  3257 | D:5      | Reached skill level 5 in Axes
  3568 | D:4      | Found a staircase to the Ecumenical Temple.
  3579 | Temple   | Entered the Ecumenical Temple
  3586 | Temple   | Became a worshipper of Gozag Ym Sagoz the Greedy
  3708 | D:4      | Found Roitt's Antique Armour Emporium.
  3927 | D:4      | Found a shimmering altar of Xom.
  3937 | D:4      | Found a hide-covered altar of Uskayaw.
  3957 | D:4      | Reached XP level 8. HP: 67/71 MP: 10/10
  5197 | D:6      | Reached skill level 5 in Transmutations
  5396 | Abyss:1  | Cast into level 1 of the Abyss (gnoll)
  5427 | Abyss:1  | Mangled by a small abomination

Illustrated notes

Levels and vault maps discovered:
D:1:      doesnt_arrival_eight_statues, layout_loops_ring,
          ebering_ecumenical_altar_petrified
D:2:      layout_loops_corners, serial_shops, shop
D:3:      layout_basic
D:4:      layout_rooms, mainiacjoe_overflow_large_starburst,
          minmay_temple_entry_offerings, serial_shops, shop_statue,
          amethyst_killhole, supply_closet_lemuel
D:5:      layout_cave_pods
D:6:      layout_basic, nicolae_overflow_hidden_temple
Temple:   hellmonk_temple_of_storms
Abyss:1:  base: D:2, evilmike_abyss_exit_12

Skill      XL: |  1  2  3  4  5  6  7  8 |
---------------+-------------------------+-----
Fighting       | 2 3 4 5 6 7 |  7.6
Transmutations | 2 3 4 5 |  5.0
Axes           | 2 3 4 5 7 |  7.4
Dodging        | |  1.5
Unarmed Combat | |  3.2
Spellcasting   | |  1.5

Action                     |  1- 3 |  4- 6 |  7- 9 || total
---------------------------+-------+-------+-------++-------
  Melee: Unarmed           |    87 |       |       ||    87
         Kick              |     6 |       |     2 ||     8
         Headbutt          |     5 |       |       ||     5
         Punch             |     3 |       |       ||     3
         War axe           |    18 |    61 |   143 ||   222
   Cast: Beastly Appendage |     7 |       |     1 ||     8
  Evoke: Wand              |       |       |     2 ||     2
    Use: Scroll            |       |     8 |     2 ||    10
         Potion            |       |     1 |       ||     1
   Stab: Sleeping          |     1 |     2 |     4 ||     7
 Armour: Robe              |    18 |     8 |    17 ||    43
         Skin              |       |    34 |     7 ||    41
  Dodge: Dodged            |    63 |    54 |    93 ||   210

Table legend: (Time is in decaauts)
 A = Elapsed time spent in this place.
 B = Non-inter-level travel time spent in this place.
 C = Inter-level travel time spent in this place.
 D = Time resting spent in this place.
 E = Time spent auto-exploring this place.
 F = Levels seen in this place.
 G = Mean time per level.
                   A        B        C        D        E       F      G
               +--------+--------+--------+--------+--------+-----+--------+
         Total |   5480 |   5303 |    177 |    512 |   3807 |   8 |  685.0 |
       Dungeon |   5435 |   5258 |    177 |    512 |   3807 |   6 |  905.8 |
        Temple |     13 |     13 |      0 |      0 |      0 |   1 |   13.0 |
         Abyss |     31 |     31 |      0 |      0 |      0 |   1 |   31.0 |
               +--------+--------+--------+--------+--------+-----+--------+

Top non-repeatable levels by time:
     D:5: 1295 daAuts
     D:2: 1138 daAuts
     D:1: 811 daAuts
     D:6: 780 daAuts
     D:4: 710 daAuts
     D:3: 698 daAuts
 Abyss:1: 31 daAuts
  Temple: 13 daAuts
